 Dungeon Crawl Stone Soup version 0.28-a0-1524-ge72afd5fc6 (webtiles) character file.

Game seed: 18222279322486265223

691 Demosthentine the Shooter (level 7, -14/44 HPs)
             Began as a Tengu Hunter on Jan 17, 2022.
             Demolished by a hornet (15 damage)
             ... on level 5 of the Dungeon.
             The game lasted 00:04:53 (4858 turns).

Demosthentine the Shooter (Tengu Hunter)            Turns: 4858, Time: 00:04:53

Health: -14/44     AC:  5    Str: 13    XL:     7   Next: 63%
Magic:  8/8        EV: 16    Int: 11    God:
Gold:   174        SH:  0    Dex: 16    Spells: 6/6 levels left

rFire   . . .      SeeInvis .   b - +0 short sword
rCold   . . .      Faith    .   (no shield)
rNeg    . . .      Spirit   .   c - +0 leather armour
rPois   +          Reflect  .   (helmet restricted)
rElec   .          Harm     .   o - +1 cloak
rCorr   .          Rampage  .   (no gloves)
Will    .....                   (boots unavailable)
Stlth   ++........              (no amulet)
HPRegen 0.14/turn               h - ring of poison resistance
MPRegen 0.11/turn               (no ring)

@: flying quickly and evasively, slowed, very slow
A: beak, talons 3, nimble flight
a: no special abilities


You were on level 5 of the Dungeon.
You visited 1 branch of the dungeon, and saw 5 of its levels.

You collected 174 gold pieces.

Inventory:

Hand Weapons
 a - a +1 shortbow
 b - a +0 short sword (weapon)
Armour
 c - a +0 leather armour (worn)
 o - a +1 cloak (worn)
Jewellery
 g - an amulet of reflection
 h - a ring of poison resistance (left hand)
Scrolls
 m - a scroll of blinking
Potions
 e - a potion of heal wounds
 i - 4 potions of curing {unknown}
 j - a potion of attraction {unknown}
 k - 2 potions of lignification {unknown}
 n - 2 potions of degeneration {unknown}


   Skills:
 + Level 4.4 Fighting
 + Level 3.3 Short Blades
 - Level 5.1 Bows
 + Level 4.2 Armour
 + Level 4.8 Dodging
 - Level 1.0 Stealth


You had 6 spell levels left.
You didn't know any spells.
Your spell library contained the following spells:

 Spells                   Type           Power      Damage    Failure   Level
 Shock                    Conj/Air       0%         1d3       41%         1
 Slow                     Hex            0%         N/A       41%         1
 Confusing Touch          Hex            0%         N/A       78%         3
 Swiftness                Air            0%         N/A       78%         3
 Vampiric Draining        Necr           0%         2d6       78%         3
 Airstrike                Air            0%         N/A       99%         4


Dungeon Overview and Level Annotations

Branches:
Dungeon (5/15)
 Temple: D:4-7

Altars:
Qazlal

Annotations:
D:3 1 runed translucent door, psuckher's ghost, amateur GrFi


Innate Abilities, Weirdness & Mutations

You have a beak for a mouth.
You have claws for feet.
Your magical nature lets you fly swiftly and evasively.


Message History

You shoot an arrow. The arrow completely misses the hornet.
The hornet closely misses you.
There are monsters nearby!
You shoot an arrow.
The arrow hits the hornet but does no damage.
The hornet is lightly wounded.
The hornet barely misses you. The hornet closely misses you.
You shoot an arrow. The arrow barely misses the hornet.
The hornet barely misses you. The adder bites you.
There are monsters nearby!
You shoot an arrow. The arrow closely misses the hornet.
The hornet closely misses you. The adder completely misses you.
The hornet stings you.
You shoot an arrow. The arrow barely misses the hornet.
The adder bites you but does no damage. The hornet stings you!
You feel yourself slow down. The adder bites you. The hornet stings you.
You feel as though you will be slow longer.
You shoot an arrow. The arrow closely misses the hornet.
The hornet completely misses you. The adder bites you but does no damage.
The hornet stings you but does no damage.
The adder closely misses you.
You do not have any ammo quivered for your +1 shortbow.
You do not have any ammo quivered for your +1 shortbow.
Unknown command.
The hornet stings you!
* * * LOW HITPOINT WARNING * * *
b - a +0 short sword (weapon)
The hornet misses you.
Unknown command.
You hit the hornet. Your kick misses the hornet.
The hornet is moderately wounded.
The hornet completely misses you. The hornet stings you!
* * * LOW HITPOINT WARNING * * *
You feel as though you will be slow longer.
You barely miss the hornet. You claw the hornet, but do no damage.
Your peck misses the hornet.
The hornet is moderately wounded.
The hornet stings you but does no damage.
The hornet stings you!
You die...

#......?..#..### (......
#.....#...#..... .......
#####.....#..### ......>
#........... ......(
##..######### .......
.#........### (......
.#..(.....#..
...(.(.#####.#.#.###..#..
...(..Sy@†...#.#.#.#..#.#
......#####..#.#.#....#..
..... #.##..#.#.#.##.#.#
.... #.....#.#.#....#..
### #.###.#.#.########
#.# #.#.#.# #.# #.....#
#.#####.### #.......#


You could see a hornet and an adder.

Vanquished Creatures
  An ogre (D:5)
  A scorpion (D:5)
  A water moccasin zombie (D:5)
  A hound (D:4)
  A jelly (D:4)
  2 centaur skeletons
  A gnoll shaman (D:5)
  Jessica (D:3)
  3 iguanas
  2 hound skeletons (D:4)
  8 gnolls
  3 adders
  An ufetubus (D:5)
  2 adder skeletons (D:4)
  A worm (D:2)
  3 dart slugs
  2 orcs (D:4)
  7 ball pythons
  9 endoplasms
  4 giant cockroaches (D:3)
  17 goblins
  3 hobgoblins
  6 jackals
  3 quokkas
  8 bats
  4 frilled lizards
  4 kobolds
  10 rats
109 creatures vanquished.

Notes
Turn   | Place    | Note
-------+----------+-------------------------------------------
     0 | D:1      | Demosthentine the Tengu Hunter began the quest for the Orb.
     0 | D:1      | Reached XP level 1. HP: 12/12 MP: 2/2
   268 | D:1      | Reached XP level 2. HP: 17/17 MP: 3/3
   448 | D:1      | Reached skill level 1 in Armour
   567 | D:1      | Reached XP level 3. HP: 22/22 MP: 4/4
  1242 | D:2      | You fall into a shaft and drop 2 floors!
  1274 | D:3      | Reached XP level 4. HP: 27/27 MP: 5/5
  1358 | D:3      | Found a runed translucent door.
  1360 | D:3      | Noticed a kobold brigand
  1362 | D:3      | Noticed psuckher's ghost (amateur GrFi)
  1385 | D:3      | Noticed Jessica
  1392 | D:3      | Killed Jessica
  1393 | D:3      | Reached skill level 5 in Bows
  1428 | D:3      | Found a stormy altar of Qazlal.
  1532 | D:2      | Gained mutation: Your magical nature lets you fly swiftly
                  | and evasively. [Tengu growth]
  1532 | D:2      | Reached XP level 5. HP: 32/32 MP: 6/6
  2044 | D:2      | Found a faded altar of an unknown god.
  2972 | D:4      | Reached skill level 1 in Short Blades
  2991 | D:4      | Reached XP level 6. HP: 37/37 MP: 7/7
  4026 | D:5      | Entered Level 5 of the Dungeon
  4161 | D:5      | Reached XP level 7. HP: 24/43 MP: 8/8
  4846 | D:5      | Noticed a hornet
  4857 | D:5      | HP: 1/44 [hornet (12)]
  4858 | D:5      | Demolished by a hornet

Illustrated notes

Levels and vault maps discovered:
D:1:      dpeg_arrival_round_b, layout_basic
D:2:      layout_basic, ebering_ecumenical_altar_hall
D:3:      layout_basic, mainiacjoe_overflow_brackets, ebering_ghost_inner_flame,
          uniq_jessica
D:4:      layout_basic, minmay_bisected
D:5:      layout_basic, minmay_ogre_servants

Skill      XL: |  1  2  3  4  5  6  7 |
---------------+----------------------+-----
Armour         | 1 2 3 4 |  4.2
Dodging        | 3 4 |  4.8
Bows           | 5 |  5.1
Fighting       | 3 4 |  4.4
Short Blades   | 1 2 3 |  3.3
Stealth        | |  1.0

Action                   |  1- 3 |  4- 6 |  7- 9 || total
-------------------------+-------+-------+-------++-------
Melee: Short sword       |       |    13 |    19 ||    32
       Kick              |       |     3 |     4 ||     7
       Peck              |       |     2 |     3 ||     5
 Fire: Shortbow          |    74 |   182 |    52 ||   308
  Use: Scroll            |     3 |     7 |       ||    10
       Potion            |       |       |     3 ||     3
Armor: Leather armour    |     6 |    13 |    11 ||    30
Dodge: Dodged            |    17 |    73 |    33 ||   123

Table legend: (Time is in decaauts)
 A = Elapsed time spent in this place.
 B = Non-inter-level travel time spent in this place.
 C = Inter-level travel time spent in this place.
 D = Time resting spent in this place.
 E = Time spent auto-exploring this place.
 F = Levels seen in this place.
 G = Mean time per level.
                   A        B        C        D        E       F      G
               +--------+--------+--------+--------+--------+-----+--------+
         Total |   4643 |   4609 |     34 |     46 |   3817 |   5 |  928.6 |
       Dungeon |   4643 |   4609 |     34 |     46 |   3817 |   5 |  928.6 |
               +--------+--------+--------+--------+--------+-----+--------+

Top non-repeatable levels by time:
     D:1: 1172 daAuts
     D:4: 999 daAuts
     D:3: 907 daAuts
     D:5: 800 daAuts
     D:2: 763 daAuts
